 Dungeon Crawl Stone Soup version 0.20-a0-1065-g8446734 (webtiles) character file.

2778 grisnicke the Carver (level 9, -5/81 HPs)
             Began as a Minotaur Monk on Apr 28, 2017.
             Was a Believer of Wu Jian.
             Slain by an orc warrior
             ... wielding a +0 war axe
              (9 damage)
             ... on level 7 of the Dungeon.
             The game lasted 00:40:48 (7512 turns).

grisnicke the Carver (Minotaur Monk)                Turns: 7512, Time: 00:40:49

Health: -5/81      AC:  6    Str: 19      XL:     9   Next: 42%
Magic:  8/8        EV: 14    Int:  7      God:    Wu Jian [**....]
Gold:   290        SH:  0    Dex: 12 (13) Spells: 8/8 levels left

rFire    . . .     SeeInvis .   a - +0 long sword
rCold    . . .     Gourm    .   (no shield)
rNeg     . . .     Faith    .   f - +0 ring mail
rPois    .         Spirit   .   (helmet restricted)
rElec    .         Reflect  .   (no cloak)
rCorr    .         Harm     .   x - +0 pair of gloves
MR       .....                  (no boots)
Stlth    ++........             (no amulet)
Regen    0.3/turn               q - ring of stealth {Stlth+}
MPRegen  0.2/turn               (no ring)

@: no status effects
A: retaliatory headbutt, horns 2
a: Renounce Religion


You were on level 7 of the Dungeon.
You worshipped Wu Jian.
Wu Jian was pleased with you.
You were not hungry.

You visited 2 branches of the dungeon, and saw 8 of its levels.
You also visited: Sewer and Bailey.

You collected 290 gold pieces.

Inventory:

Hand Weapons
 a - a +0 long sword (weapon)
   (You found it on level 6 of the Dungeon)
 b - a +0 hunting sling
   (You took it off a goblin on level 2 of the Dungeon)
 o - a +0 falchion
 F - a +2 short sword of freezing
   (You found it on level 4 of the Dungeon)
 K - a +0 broad axe
   (You took it off a kobold demonologist in a bailey)
 L - a +0 fustibalus
   (You found it in a bailey)
Missiles
 e - 141 stones (quivered)
 r - 3 javelins of returning
 y - 116 sling bullets
Armour
 f - a +0 ring mail (worn)
   (You found it on level 1 of the Dungeon)
 x - a +0 pair of gloves (worn)
   (You found it on level 2 of the Dungeon)
 M - a +1 scale mail of fire resistance
   (You found it in a bailey)
 N - a +4 plate armour of poison resistance
   (You found it in a bailey)
Jewellery
 q - a ring of stealth (left hand) {Stlth+}
   (You found it on level 2 of the Dungeon)
 I - an uncursed amulet of guardian spirit {unknown}
   (You found it on level 6 of the Dungeon)
Wands
 u - a wand of clouds (0/9)
   (You found it on level 7 of the Dungeon)
 A - a wand of confusion (11/48)
   (You found it on level 3 of the Dungeon)
Scrolls
 d - 3 scrolls of teleportation {unknown}
 g - a scroll of remove curse
 i - 2 scrolls of fear {unknown}
 j - 2 scrolls of recharging {unknown}
 k - 3 scrolls of amnesia {unknown}
 l - 2 scrolls of fog {unknown}
 z - 2 scrolls of noise {unknown}
 C - a scroll of enchant weapon {unknown}
 D - a scroll of magic mapping {unknown}
 G - a scroll of immolation {unknown}
Potions
 h - 4 potions of flight
 n - a potion of heal wounds
 p - 6 potions of curing
 s - a potion of agility
 w - 2 potions of ambrosia {unknown}
 B - 2 potions of might {unknown}
 E - 4 potions of lignification {unknown}
 H - 2 potions of cancellation
 J - a potion of berserk rage {unknown}
Books
 t - a book of Cantrips
   (You found it on level 4 of the Dungeon)
Comestibles
 c - 4 bread rations {@e1}
 m - 8 meat rations {@e2}
 v - 2 fruits


   Skills:
 - Level 8.0 Fighting
 + Level 12.2 Long Blades
 - Level 7.1 Dodging
 - Level 1.5 Stealth


You had 8 spell levels left.
You didn't know any spells.

Dungeon Overview and Level Annotations

Branches:
Dungeon (7/15)             Temple (1/1) D:4

Altars:
Cheibriados
Dithmenos
Elyvilon
Fedhas
Gozag
Kikubaaqudgha
Nemelex Xobeh
Ru
Sif Muna
Trog
Uskayaw
Wu Jian
Zin
The Shining One

Shops:
D:4 %

Annotations:
D:4 exclusion: Menkaure, Menkaure
D:5 Grinder; StylePro's ghost, novice DDFi


Innate Abilities, Weirdness & Mutations

You reflexively headbutt those who attack you in melee.
You have a pair of horns on your head.


Message History

There is an open door here.
There is a gate leading back out of this place here.
You open the door.
There is an open door here.
You open the door.
There is an open door here.
You see here a runed hand axe.
You see here a rapier.
You see here a fustibalus.
L - a fustibalus You see here a broad axe.
There is an open door here.
Drop what? 38/52 slots (_ for help) (? for menu, Esc to quit)
Okay, then.
There is an open door here.
There is an open door here.
You see here a shiny scale mail.
You see here a glowing plate armour.
You see here a scale mail.
You see here a leather armour.
You see here a shiny scale mail.
You see here a glowing plate armour.
You see here a shiny scale mail.
M - a shiny scale mail You see here a glowing plate armour.
N - a glowing plate armour
There is an open door here.
There is an open door here.
There is an open door, spattered with blood here.
Items here: ))) [[[ ÷÷ You open the door. 2 goblins, a hobgoblin, a gnoll and 6 orcs come into view.
The orc warrior shouts!
The goblin shouts!
The orc warrior shouts!
The orc shouts!
The goblin shouts!
The orc shouts!
The gnoll shouts!
The hobgoblin shouts!
The orc warrior shouts!
The orc shouts!
You closely miss the orc. The orc hits you with a hand axe.
You take 3 damage, and have 78/81 hp.
You hit the orc but do no damage. You headbutt the orc, but do no damage.
You hit the orc. The orc misses you.
You closely miss the orc. The orc misses you.
You slash the orc!
You kill the orc!
The Council accepts your kill.
You feel your dexterity returning.
You barely miss the goblin. You hit the goblin but do no damage.
You closely miss the goblin. The goblin hits you with a hand axe.
The goblin barely misses you. You furiously retaliate!
You headbutt the goblin!
You kill the goblin!
The Council accepts your kill.
You take 1 damage, and have 78/81 hp.
You hit the orc warrior but do no damage.
Your headbutt misses the orc warrior. The goblin hits you but does no damage.
The orc warrior hits you with a war axe!!
You take 19 damage, and have 59/81 hp.
MASSIVE DAMAGE!!
You slash the goblin!
You kill the goblin!
The Council accepts your kill.
The orc warrior hits you with a war axe!!
You take 18 damage, and have 41/81 hp.
MASSIVE DAMAGE!!
Unknown command.
There is an open door, spattered with blood here.
Items here: ))) [[[ ÷÷
There is an open door here.
You hit the orc warrior but do no damage.
The orc warrior hits you with a war axe!
You take 13 damage, and have 32/81 hp.
There is a gate leading back out of this place here.
The orc warrior barely misses you.
Welcome back to the Dungeon!
There is an empty arch of ancient stone here.
You barely miss the orc warrior. The orc warrior misses you.
You barely miss the orc warrior. You closely miss the orc warrior.
Your headbutt misses the orc warrior.
The orc warrior hits you with a war axe.
You take 5 damage, and have 29/81 hp.
You hit the orc warrior but do no damage.
Your headbutt misses the orc warrior.
The orc warrior hits you with a war axe!
* * * LOW HITPOINT WARNING * * *
You take 17 damage, and have 12/81 hp.
MASSIVE DAMAGE!!
You hit the orc warrior but do no damage.
You see here 2 potions of degeneration {!q}.
You attack the orc warrior from above.
You hit the orc warrior but do no damage.
The orc warrior closely misses you. You furiously retaliate!
You headbutt the orc warrior!
You riposte.
You closely miss the orc warrior. Your headbutt misses the orc warrior.
You see here 2 potions of degeneration {!q}.
You spin and attack the orc warrior.
You closely miss the orc warrior. You headbutt the orc warrior.
The orc warrior hits you with a war axe!
* * * LOW HITPOINT WARNING * * *
You take 9 damage, and have 4/81 hp.
You attack the orc warrior from above.
You barely miss the orc warrior.
The orc warrior hits you with a war axe!
You die...

..........######.##############..
.................÷)..............
..........######.##########.###..
..........# #.# #.# #..
..........# #.# #.# #..
.......#.## ####### #.# #.$
.......#!# #!....# #.# #..
.......#.####!§§o§# #.# #..
.......#...!)!.§@§# #.# ###
########.####..§§§# #.# #!#
#.....# #######.##########
#.....)........ ................
..####.....####. +..##+# ####


You could see an orc warrior.

Vanquished Creatures
  2 kobold demonologists (Bailey)
  A hippogriff (D:7)
  2 ice beasts (D:6)
  2 orc warriors (Bailey)
  3 sky beasts (D:6)
  3 ogres
  A phantom (D:4)
  3 centaurs
  A big kobold (Sewer)
  2 scorpions
  4 electric eels (D:6)
  An orc priest (D:3)
  A hound (D:6)
  An iguana (D:4)
  Ijyb (D:5)
  3 worker ants
  A worker ant zombie (D:5)
  10 gnolls
  7 adders
  4 river rats
  An ooze (D:1)
  An adder skeleton (D:7)
  3 worms
  7 dart slugs
  5 leopard geckos
  13 orcs
  2 ball pythons
  2 giant cockroaches (D:1)
  20 goblins
  10 hobgoblins
  9 jackals
  3 quokkas
  2 bats (D:1)
  8 frilled lizards
  11 kobolds
  A leopard gecko skeleton (D:5)
  A quokka skeleton (D:4)
  10 rats
162 creatures vanquished.

Notes
Turn   | Place    | Note
-------+----------+-------------------------------------------
     0 | D:1      | grisnicke the Minotaur Monk began the quest for the Orb.
     0 | D:1      | Reached XP level 1. HP: 19/19 MP: 0/0
     2 | D:1      | Noticed a dwarf
     2 | D:1      | Noticed a draconian
     4 | D:1      | Noticed a vine stalker
     4 | D:1      | Noticed a spriggan
     6 | D:1      | Noticed a ghoul
     6 | D:1      | Noticed an elf
     8 | D:1      | Noticed a troll
     8 | D:1      | Noticed an octopode
    10 | D:1      | Noticed a demigod
    10 | D:1      | Noticed a formicid
    12 | D:1      | Noticed a felid
    12 | D:1      | Noticed a human
    14 | D:1      | Noticed a minotaur
    14 | D:1      | Noticed a merfolk
    16 | D:1      | Noticed a tengu
    18 | D:1      | Noticed a gargoyle
    18 | D:1      | Noticed a centaur
    20 | D:1      | Noticed a vampire
    20 | D:1      | Noticed a demonspawn
    22 | D:1      | Noticed a naga
    24 | D:1      | Noticed an ogre
    24 | D:1      | Noticed a halfling
   143 | D:1      | Reached skill level 4 in Long Blades
   282 | D:1      | Reached XP level 2. HP: 26/26 MP: 1/1
   589 | D:1      | Reached skill level 5 in Long Blades
   671 | D:1      | Reached XP level 3. HP: 31/31 MP: 2/2
  1238 | D:2      | Reached XP level 4. HP: 35/39 MP: 3/3
  1399 | D:2      | Reached skill level 6 in Long Blades
  1936 | D:3      | Reached XP level 5. HP: 45/45 MP: 4/4
  1954 | D:3      | Reached skill level 7 in Long Blades
  1987 | D:3      | Found a glowing drain.
  1991 | Sewer    | Entered a sewer
  2179 | Sewer    | Reached skill level 8 in Long Blades
  2285 | Sewer    | Found a glowing silver altar of Zin.
  2581 | D:3      | Reached XP level 6. HP: 39/51 MP: 5/5
  3314 | D:4      | Noticed Menkaure
  3339 | D:4      | Reached skill level 4 in Fighting
  3651 | D:4      | Found a hide-covered altar of Uskayaw.
  3652 | D:4      | Found a sparkling altar of Nemelex Xobeh.
  3660 | D:4      | Found Qasaa's Food Shop.
  3685 | D:4      | Reached skill level 5 in Fighting
  3794 | D:4      | Reached XP level 7. HP: 62/62 MP: 6/6
  3865 | D:4      | Reached skill level 6 in Fighting
  4046 | D:4      | Found a staircase to the Ecumenical Temple.
  4063 | Temple   | Entered the Ecumenical Temple
  4145 | Temple   | Became a worshipper of the Wu Jian Council
  4145 | Temple   | Reached * piety under Wu Jian
  4145 | Temple   | Reached ** piety under Wu Jian
  4338 | D:5      | Entered Level 5 of the Dungeon
  4338 | D:5      | Noticed Ijyb
  4338 | D:5      | Noticed StylePro's ghost (novice DDFi)
  4484 | D:5      | Reached skill level 7 in Fighting
  4512 | D:5      | Killed Ijyb
  4570 | D:5      | Noticed Grinder
  4787 | D:6      | Reached skill level 8 in Fighting
  4897 | D:6      | Reached skill level 4 in Dodging
  5043 | D:6      | Reached XP level 8. HP: 60/74 MP: 7/7
  5051 | D:6      | Reached skill level 5 in Dodging
  5259 | D:6      | HP: 16/74 [electric eel/bolt of electricity (8)]
  5260 | D:6      | Reached skill level 6 in Dodging
  5706 | D:6      | Reached skill level 7 in Dodging
  5732 | D:6      | Reached skill level 9 in Long Blades
  6383 | D:7      | Noticed a hippogriff
  6415 | D:7      | Killed a hippogriff
  6415 | D:7      | Reached skill level 10 in Long Blades
  6477 | D:7      | Reached XP level 9. HP: 52/81 MP: 8/8
  6581 | D:7      | Found a flagged portal.
  6606 | Bailey   | Entered a bailey
  6699 | Bailey   | Found an iron altar of Okawaru.
  6699 | Bailey   | Noticed a kobold demonologist
  6701 | Bailey   | Noticed a rust devil
  6733 | Bailey   | Noticed a kobold demonologist
  6755 | Bailey   | Noticed an orange demon
  6756 | Bailey   | Killed a kobold demonologist
  6756 | Bailey   | Reached skill level 11 in Long Blades
  6769 | Bailey   | Noticed a hellwing
  6779 | Bailey   | HP: 20/81 [hellwing[a kobold demonologist] (2)]
  6784 | Bailey   | Killed a kobold demonologist
  7067 | Bailey   | Reached skill level 12 in Long Blades
  7506 | D:7      | HP: 12/81 [orc warrior/war axe (17)]
  7511 | D:7      | HP: 4/81 [orc warrior/war axe (9)]
  7512 | D:7      | Slain by an orc warrior

Vault maps used:
D:1:      kb_arrival_jail, hangedman_glass_teeth, minmay_misc_feat_enclosed
D:2:      minmay_cut_off
D:3:      first_bread, gup_sewer_entry_bowl
D:4:      gammafunk_temple_overflow_statue, temple_fountains, serial_shops,
          shop, grunt_ministairs_10, uniq_menkaure
D:5:      uniq_ijyb, uniq_grinder
D:6:      serial_bayou, serial_bayou_lagoon_b, serial_bayou_pond_e,
          serial_bayou_pond_a, serial_bayou_crossing, moated_statue
D:7:      corexii_shantytown, enter_bailey_7, uniq_duvessa
Temple:   hc_temple_tempest_star
Sewer:    sewer_kobolds
Bailey:   bailey_axe_of_yendor_kennysheep, bailey

Skill      XL: |  1  2  3  4  5  6  7  8  9 |
---------------+----------------------------+-----
Long Blades    | 4 5 6 8 10 12 | 12.2
Fighting       | 5 8 |  8.0
Dodging        | 4 7 |  7.1
Stealth        | |  1.5

Action                   |  1- 3 |  4- 6 |  7- 9 || total
-------------------------+-------+-------+-------++-------
Melee: Falchion          |    78 |   101 |       ||   179
       Headbutt          |    21 |    24 |    48 ||    93
       Short sword       |       |    20 |    45 ||    65
       Long sword        |       |       |   176 ||   176
 Fire: Hunting sling     |       |   135 |   116 ||   251
Evoke: Wand              |       |     1 |     4 ||     5
  Use: Scroll            |       |     4 |     4 ||     8
       Potion            |       |       |     2 ||     2
 Stab: Sleeping          |       |     2 |     2 ||     4
  Eat: Chunk             |     1 |     8 |    12 ||    21
Armor: Robe              |     2 |       |       ||     2
       Ring mail         |    16 |    24 |    62 ||   102
Dodge: Dodged            |    40 |    72 |   142 ||   254
       Rpst.: Falchion   |    13 |    23 |       ||    36
       Long sword        |       |       |    26 ||    26

Vault maps used:
D:1:      kb_arrival_jail, hangedman_glass_teeth, minmay_misc_feat_enclosed
D:2:      minmay_cut_off
D:3:      first_bread, gup_sewer_entry_bowl
D:4:      gammafunk_temple_overflow_statue, temple_fountains, serial_shops,
          shop, grunt_ministairs_10, uniq_menkaure
D:5:      uniq_ijyb, uniq_grinder
D:6:      serial_bayou, serial_bayou_lagoon_b, serial_bayou_pond_e,
          serial_bayou_pond_a, serial_bayou_crossing, moated_statue
D:7:      corexii_shantytown, enter_bailey_7, uniq_duvessa
Temple:   hc_temple_tempest_star
Sewer:    sewer_kobolds
Bailey:   bailey_axe_of_yendor_kennysheep, bailey

Table legend:
 A = Turns spent in this place as a percentage of turns spent in the entire game.
 B = Non-inter-level travel turns spent in this place as a percentage of non-inter-level travel turns spent in the entire game.
 C = Inter-level travel turns spent in this place as a percentage of turns spent in this place.
 D = Turns resting spent in this place as a percentage of non-inter-level travel turns spent in this place.
 E = Turns spent auto-exploring this place as a percentage of non-inter-level travel turns spent in this place.
 F = Non-inter-level travel turns spent in this place divided by the number of levels of this place that you've seen.
                   A       B       C       D       E      F
               +-------+-------+-------+-------+-------+----------------------
         Total | 100.0 | 100.0 |   0.4 |   1.7 |   4.6 | 260.7
       Dungeon |  78.1 |  78.1 |   0.4 |   1.7 |   5.4 | 290.7
        Temple |   0.8 |   0.7 |   5.0 |   0.0 |  47.4 |  19.0
         Sewer |   5.2 |   5.3 |   0.0 |   4.4 |   1.5 | 137.0
        Bailey |  15.9 |  16.0 |   0.0 |   1.2 |   0.0 | 416.0
               +-------+-------+-------+-------+-------+----------------------

Table legend:
 A = Kills in this place as a percentage of kills in entire the game.
 B = Kills by you in this place as a percentage of kills by you in the entire game.
 C = Kills by friends in this place as a percentage of kills by friends in the entire game.
 D = Other kills in this place as a percentage of other kills in the entire game.
 E = Experience gained in this place as a percentage of experience gained in the entire game.
 F = Experience gained in this place divided by the number of levels of this place that you have seen.
                   A       B       C       D       E      F
               +-------+-------+-------+-------+-------+----------------------
         Total | 100.0 | 100.0 |  -nan |  -nan | 100.0 | 396.9
       Dungeon |  79.6 |  79.6 |  -nan |  -nan |  69.4 | 393.6
         Sewer |   5.6 |   5.6 |  -nan |  -nan |   3.8 | 152.0
        Bailey |  14.8 |  14.8 |  -nan |  -nan |  26.8 | 1062.0
               +-------+-------+-------+-------+-------+----------------------
